 Dungeon Crawl Stone Soup version 0.29-a0-822-ga620ab95ad (webtiles) character file.

Game seed: 13466385881562663569

2387 Locuples the Basher (level 9, -7/79 HPs)
             Began as a Minotaur Berserker on July 8, 2022.
             Was a Priest of Trog.
             Mangled by a red ugly thing (19 damage)
             ... on level 8 of the Dungeon.
             The game lasted 00:15:56 (6363 turns).

Locuples the Basher (Minotaur Berserker)            Turns: 6363, Time: 00:15:56

Health: -7/79      AC: 18    Str: 25    XL:     9   Next: 22%
Magic:  8/8        EV:  8    Int:  4    God:    Trog [***...]
Gold:   237        SH:  8    Dex: 14    Spells: 8/8 levels left

rFire   . . .      SeeInvis .   q - +1 flail
rCold   . . .      Faith    .   z - +0 kite shield
rNeg    . . .      Spirit   .   s - +7 chain mail of Amorality {Dex+3}
rPois   +          Reflect  .   (helmet restricted)
rElec   .          Harm     .   (no cloak)
rCorr   .          Rampage  .   (no gloves)
Will    .....                   (no boots)
Stlth   ..........              a - amulet of magic regeneration
HPRegen 0.23/turn               j - ring of poison resistance
MPRegen 0.51/turn               (no ring)

@: on berserk cooldown, slowed, very slow
A: horns 2, retaliatory headbutt
a: Renounce Religion, Berserk, Trog's Hand


You were on level 8 of the Dungeon.
You worshipped Trog.
Trog was most pleased with you.
You visited 1 branch of the dungeon, and saw 8 of its levels.

You collected 321 gold pieces.
You spent 84 gold pieces at shops.

Inventory:

Hand Weapons
 q - a +1 flail (weapon)
Armour
 l - a +2 ring mail of poison resistance
 s - the +7 chain mail of Amorality (worn) {Dex+3}
   (You found it on level 3 of the Dungeon)

   Dex:       It affects your dexterity (+3).
 z - a +0 kite shield (worn)
Jewellery
 a - an amulet of magic regeneration (around neck)
 j - a ring of poison resistance (left hand)
Wands
 x - a wand of charming (13)
Scrolls
 b - 5 scrolls of identify
 i - a scroll of enchant weapon
 m - 3 scrolls of enchant armour
 o - 2 scrolls of fog
 t - a scroll of teleportation
 u - a scroll of brand weapon
 v - a scroll of fear
 w - a scroll of torment {unknown}
 y - a scroll of summoning {unknown}
Potions
 c - a potion of magic {unknown}
 d - 4 potions of flight {unknown}
 e - a potion of lignification {unknown}
 g - 2 potions of haste {unknown}
 h - a potion of heal wounds
 k - a potion of invisibility
 n - a potion of resistance {unknown}
 p - a potion of degeneration {unknown}
 r - 6 potions of curing


   Skills:
 + Level 7.5 Fighting
 + Level 10.5 Maces & Flails
 + Level 8.5 Armour
 - Level 3.5 Dodging
 + Level 1.5 Shields


You had 8 spell levels left.
You didn't know any spells.
Your spell library was empty.

Dungeon Overview and Level Annotations

Branches:
Dungeon (8/15)             Temple (0/1) D:7
   Lair: D:8-11

Altars:
Qazlal
The Shining One

Shops:
D:5 ?   D:6 [   D:7 **


Innate Abilities, Weirdness & Mutations

You have a pair of horns on your head.
You reflexively headbutt those who attack you in melee.


Message History

The puff of flame hits you but does no damage.
A red ugly thing comes into view.
The orc wizard hits you but does no damage.
The orc priest closely misses you.
The red ugly thing gurgles horribly!
The orc shouts!
You sock the orc wizard! You headbutt the orc wizard.
You kill the orc wizard!
Trog accepts your kill.
Trog appreciates your killing of a magic user.
The orc priest hits you with a +0 club.
The orc priest hits you but does no damage.
You hit the orc priest.
The orc priest is moderately wounded.
You feel less confused. You block the orc priest's attack.
The orc priest barely misses you.
An orc comes into view. It is wielding a +0 dagger.
You feel much better. The orc hits you but does no damage.
The orc priest barely misses you.
You hit the orc priest. Your headbutt misses the orc priest.
The orc priest is severely wounded.
The red ugly thing headbutts you but does no damage.
The orc hits you but does no damage.
The orc priest hits you but does no damage.
The orc priest invokes the aid of Beogh against you.
Beogh smites you!
The orc hits you with a +0 falchion of holy wrath.
The red ugly thing headbutts you.
You are engulfed in flames!
* * * LOW HITPOINT WARNING * * *
As you read the scroll of fear, it crumbles to dust.
You assume a fearsome visage.
The red ugly thing looks frightened!
The orc priest looks frightened!
The orc looks frightened! x2
Cornered, the red ugly thing turns to fight!
You see here 2 scrolls of amnesia.
Found a stone staircase leading down.
You hit the red ugly thing.
The red ugly thing is lightly wounded.
The red ugly thing headbutts you!
* * * LOW HITPOINT WARNING * * *
You are engulfed in flames!!
You die...

#................. #.##
#.................
#.#.###....#..##.#......
.........####'#..#......
.........##...:.........
.........##.....#...####
..........+.._..+...##..
.##......#.......#......
..>..#.@.#......#....#..
.....#.u..#.#+####...##.
..........#....###......
........................
..###..................#
. #.........##......##
....#.......##......#
#.#.#.........#.....##
###......?.#..#.......


You could see a red ugly thing.

Vanquished Creatures
  A hydra (D:8)
  Eustachio (D:5)
  A steam dragon (D:7)
  A black bear (D:6)
  A sky beast (D:6)
  2 ogres
  A centaur (D:7)
  A phantom (D:7)
  Blork the orc (D:5)
  2 scorpions
  A bullfrog (D:7)
  A howler monkey (D:6)
  4 hounds
  A quasit (D:8)
  2 jellies
  3 orc priests
  4 iguanas
  Ijyb (D:3)
  2 orc wizards
  7 gnolls
  7 adders
  A shadow imp (D:5)
  A white imp (D:7)
  An ufetubus (D:5)
  3 worms
  A dart slug (D:1)
  11 orcs
  7 ball pythons
  4 bats
  7 endoplasms
  5 giant cockroaches
  8 goblins
  6 hobgoblins
  5 jackals
  7 kobolds
  3 quokkas
  A goblin skeleton (D:8)
  2 goblin zombies (D:8)
  3 hobgoblin zombies (D:8)
  A kobold zombie (D:8)
  An orc skeleton (D:8)
  An orc zombie (D:8)
  3 rats
127 creatures vanquished.

Notes
Turn   | Place    | Note
-------+----------+-------------------------------------------
     0 | D:1      | Locuples the Minotaur Berserker began the quest for the
                  | Orb.
     0 | D:1      | Reached XP level 1. HP: 19/19 MP: 0/0
   378 | D:1      | Reached XP level 2. HP: 27/27 MP: 1/1
   379 | D:1      | Reached skill level 4 in Maces & Flails
   992 | D:2      | Reached XP level 3. HP: 33/33 MP: 2/2
  1578 | D:3      | Reached XP level 4. HP: 21/41 MP: 3/3
  1626 | D:3      | Reached ** piety under Trog
  1995 | D:3      | Found a faded altar of an unknown god.
  2075 | D:3      | Noticed Ijyb
  2092 | D:3      | Killed Ijyb
  2093 | D:3      | Reached skill level 5 in Maces & Flails
  2302 | D:3      | Identified the +7 chain mail of Amorality {Dex+3}
  2307 | D:3      | Reached XP level 5. HP: 45/47 MP: 4/4
  2949 | D:4      | Reached XP level 6. HP: 55/55 MP: 5/5
  3004 | D:4      | Reached skill level 5 in Fighting
  3198 | D:5      | Entered Level 5 of the Dungeon
  3242 | D:5      | Reached skill level 6 in Maces & Flails
  3242 | D:5      | Reached skill level 5 in Armour
  3250 | D:5      | Reached *** piety under Trog
  3422 | D:5      | Noticed Blork the orc
  3436 | D:5      | Killed Blork the orc
  3437 | D:5      | Reached XP level 7. HP: 57/61 MP: 6/6
  3575 | D:5      | Found Vilirph's Magic Scroll Emporium.
  3584 | D:5      | Bought a scroll of identify for 28 gold pieces
  3584 | D:5      | Bought a scroll of identify for 28 gold pieces
  3584 | D:5      | Bought a scroll of identify for 28 gold pieces
  3659 | D:5      | Reached skill level 7 in Maces & Flails
  3699 | D:5      | Noticed Eustachio
  3708 | D:5      | Killed Eustachio
  3927 | D:6      | Reached skill level 8 in Maces & Flails
  4162 | D:6      | Reached XP level 8. HP: 43/70 MP: 7/7
  4670 | D:6      | Found Boiveg's Antique Armour Boutique.
  5008 | D:7      | Found Jicwetzi's General Store.
  5044 | D:7      | Reached skill level 9 in Maces & Flails
  5195 | D:7      | Found a staircase to the Ecumenical Temple.
  5550 | D:7      | Found a stormy altar of Qazlal.
  5553 | D:7      | Noticed an air elemental
  5831 | D:7      | Found Xeleqiz's Assorted Antiques.
  6250 | D:8      | Found a glowing golden altar of the Shining One.
  6323 | D:8      | Noticed an eight-headed hydra
  6335 | D:8      | Killed an eight-headed hydra
  6336 | D:8      | Reached skill level 10 in Maces & Flails
  6336 | D:8      | Reached skill level 1 in Shields
  6336 | D:8      | Reached XP level 9. HP: 7/79 MP: 8/8
  6345 | D:8      | Noticed a red ugly thing
  6363 | D:8      | Mangled by a red ugly thing

Illustrated notes

Levels and vault maps discovered:
D:1:      evilmike_arrival_fibonacci_small, layout_basic
D:2:      layout_rooms
D:3:      layout_loops_ring, cheibrodos_sewer_entry_bend,
          dreamdust_ecumenical_altar_statues,
          amcnicky_mini_rare_corridor_liquid, uniq_ijyb
D:4:      layout_rooms, kennysheep_generic_room_2
D:5:      nicolae_cairo_tiling, layout_rooms, serial_shops,
          nicolae_shop_hallway_plus, uniq_eustachio, uniq_blork_the_orc
D:6:      layout_loops_corners, serial_shops, shop
D:7:      layout_loops_ring, nicolae_qazlal_style_of_elements,
          minmay_temple_entry_ruins, serial_shops, shop, nicolae_take_the_stairs
D:8:      layout_cave_pools, nicolae_tso_besieged_by_evil,
          lightli_bailey_entry_fortress, kb_rosetta

Skill      XL: |  1  2  3  4  5  6  7  8 |
---------------+-------------------------+-----
Maces & Flails | 4 5 6 8 10 | 10.5
Fighting       | 4 5 6 7 |  7.5
Armour         | 3 4 5 6 8 |  8.5
Dodging        | 3 |  3.5
Shields        | 1 |  1.5

Action                   |  1- 3 |  4- 6 |  7- 9 || total
-------------------------+-------+-------+-------++-------
Melee: Mace              |    81 |     3 |       ||    84
       Headbutt          |    10 |    14 |    30 ||    54
       Flail             |       |   129 |   144 ||   273
       Punch             |       |     1 |     1 ||     2
Invok: Berserk           |     1 |     3 |     5 ||     9
  Use: Potion            |       |     3 |     3 ||     6
       Scroll            |       |       |    12 ||    12
 Stab: Invisible         |       |     1 |       ||     1
Armor: Leather armour    |    15 |       |       ||    15
       Ring mail         |     8 |    33 |       ||    41
       Chain mail        |       |    56 |   109 ||   165
Dodge: Dodged            |    52 |    78 |    74 ||   204
Block: Kite shield       |       |       |    15 ||    15

Table legend: (Time is in decaauts)
 A = Elapsed time spent in this place.
 B = Non-inter-level travel time spent in this place.
 C = Inter-level travel time spent in this place.
 D = Time resting spent in this place.
 E = Time spent auto-exploring this place.
 F = Levels seen in this place.
 G = Mean time per level.
                   A        B        C        D        E       F      G
               +--------+--------+--------+--------+--------+-----+--------+
         Total |   6477 |   6477 |      0 |    646 |   4435 |   8 |  809.6 |
       Dungeon |   6477 |   6477 |      0 |    646 |   4435 |   8 |  809.6 |
               +--------+--------+--------+--------+--------+-----+--------+

Top non-repeatable levels by time:
     D:7: 1259 daAuts
     D:3: 1193 daAuts
     D:6: 1183 daAuts
     D:1: 999 daAuts
     D:5: 650 daAuts
     D:4: 535 daAuts
     D:2: 516 daAuts
     D:8: 139 daAuts
